 Dungeon Crawl Stone Soup version 0.22-a0-433-gd2a9cce (webtiles) character file.

85 Firecrotchwizard the Covered (level 4, 0/40 HPs)
             Began as a Minotaur Fighter on May 28, 2018.
             Slain by a gnoll
             ... wielding a cursed +0 flail
              (3 damage)
             ... on level 2 of the Dungeon.
             The game lasted 00:01:54 (1150 turns).

Firecrotchwizard the Covered (Minotaur Fighter)     Turns: 1150, Time: 00:01:55

Health: 0/40       AC:  9    Str: 20    XL:     4   Next: 25%
Magic:  3/3        EV:  7    Int:  5    God:
Gold:   174        SH:  9    Dex: 11    Spells: 3/3 levels left

rFire    . . .     SeeInvis .     - Unarmed
rCold    . . .     Gourm    .   b - +0 shield
rNeg     . . .     Faith    .   a - +0 scale mail
rPois    .         Spirit   .   (helmet restricted)
rElec    .         Reflect  .   q - +1 cloak
rCorr    .         Harm     .   (no gloves)
MR       .....                  (no boots)
Stlth    ..........             (no amulet)
HPRegen  0.13/turn              (no ring)
MPRegen  0.08/turn              (no ring)

@: no status effects
A: retaliatory headbutt, horns 2
a: no special abilities


You were on level 2 of the Dungeon.
You were not hungry.

You visited 1 branch of the dungeon, and saw 2 of its levels.

You collected 174 gold pieces.

Inventory:

Armour
 a - a +0 scale mail (worn)
 b - a +0 shield (worn)
 q - a +1 cloak (worn)
   (You found it on level 2 of the Dungeon)
Jewellery
 e - a +5 amulet of reflection {unknown}
   (You found it on level 1 of the Dungeon)
 h - a +6 amulet of reflection {unknown}
   (You found it on level 1 of the Dungeon)
Scrolls
 j - a scroll of magic mapping {unknown}
 l - 3 scrolls of identify {unknown}
 o - a scroll of enchant weapon {unknown}
 p - a scroll of random uselessness {unknown}
Potions
 c - a potion of might
 g - a potion of cancellation {unknown}
 i - a potion of curing {unknown}
 k - a potion of brilliance {unknown}
 m - a potion of heal wounds {unknown}
 n - a potion of flight {unknown}
Comestibles
 d - 3 rations {@e1}
 f - a chunk of flesh {@w0}


   Skills:
 + Level 4.2 Fighting
 + Level 4.3 Armour
 + Level 4.2 Shields
 * Level 3.5 Unarmed Combat


You had 3 spell levels left.
You didn't know any spells.
Your spell library was empty.

Dungeon Overview and Level Annotations

Branches:
Dungeon (2/15)

Altars:
Nemelex Xobeh


Innate Abilities, Weirdness & Mutations

You reflexively headbutt those who attack you in melee.
You have a pair of horns on your head.


Message History

There is an open door here.
l - 3 scrolls labeled SECROA WOENN (gained 2) Some of the chunks of flesh in your inventory have rotted away.
d - 3 rations {@e1} (gained 1)
A quokka comes into view.
A quokka is nearby!
You block the quokka's attack.
The quokka bites you but does no damage.
Your scale mail prevents you from hitting the quokka.
You headbutt the quokka. The quokka barely misses you.
You hit the quokka but do no damage.
You kill the quokka!
No target in view!
You butcher the quokka corpse.
f - 3 chunks of flesh {@w0} (gained 1)
p - a scroll labeled GUHIASCHARYT An adder comes into view.
The adder hisses angrily.
You closely miss the adder. Your headbutt misses the adder.
The adder bites you but does no damage.
You miss the adder. The adder bites you. x2
You take 4 damage, and have 29/33 hp.
Your shield prevents you from hitting the adder.
The adder closely misses you.
You closely miss the adder. The adder bites you but does no damage.
You closely miss the adder. Your headbutt misses the adder.
The adder barely misses you.
Some of the chunks of flesh in your inventory have rotted away.
Your scale mail prevents you from hitting the adder.
Your headbutt misses the adder. The adder bites you but does no damage.
The adder barely misses you.
You hit the adder. Your headbutt misses the adder.
The adder bites you but does no damage.
You punch the adder!
You kill the adder!
You have reached level 4!
You feel agile.
You regained 6 hp, and now have 36/40 hp.
MP restored: 3
q - an embroidered cloak You start putting on your armour.
You continue putting on your embroidered cloak. x4
You finish putting on your +1 cloak.
You now have 174 gold pieces (gained 11).
Found a stone staircase leading up.
You open the door.
There is an open door here.
A gnoll comes into view. It is wielding a club.
The gnoll shouts!
A gnoll comes into view. It is wielding a spear.
The gnoll moves out of view.
Health restored: 40 A gnoll comes into view.
It is wielding a spear.
The gnoll shouts!
You hear a shout!
A gnoll comes into view. It is wielding a flail.
The gnoll moves out of view.
The gnoll hits you but does no damage.
You see here 12 gold pieces.
You barely miss the gnoll. Your headbutt misses the gnoll.
The gnoll hits you with a club.
The gnoll hits you from afar with a spear.
You take 12 damage, and have 28/40 hp.
MASSIVE DAMAGE!!
You punch the gnoll!
The gnoll hits you from afar with a spear.
The gnoll hits you with a club. You block the gnoll's attack.
You take 8 damage, and have 20/40 hp.
You are too injured to fight recklessly!
You are too injured to fight recklessly!
You block the gnoll's attack. x2; The gnoll hits you but does no damage.
The gnoll barely misses you.
Your shield prevents you from hitting the gnoll.
You headbutt the gnoll, but do no damage.
You block the gnoll's attack. x2; The gnoll hits you with a flail!
* * * LOW HITPOINT WARNING * * *
You block the gnoll's attack.
You take 9 damage, and have 11/40 hp.
MASSIVE DAMAGE!!
You hit the gnoll. The gnoll hits you but does no damage.
You block the gnoll's attack. x3
You punch the gnoll! You headbutt the gnoll.
The gnoll hits you but does no damage. You block the gnoll's attack.
The gnoll hits you with a club.
* * * LOW HITPOINT WARNING * * *
You take 3 damage, and have 8/40 hp.
You hit the gnoll but do no damage. Your headbutt misses the gnoll.
You block the gnoll's attack. x2
The gnoll hits you from afar with a spear.
* * * LOW HITPOINT WARNING * * *
The gnoll hits you but does no damage.
You take 1 damage, and have 7/40 hp.
You closely miss the gnoll. Your headbutt misses the gnoll.
The gnoll hits you with a flail.
* * * LOW HITPOINT WARNING * * *
The gnoll hits you but does no damage. You block the gnoll's attack.
You take 4 damage, and have 3/40 hp.
You hit the gnoll.
You kill the gnoll!
You block the gnoll's attack. The gnoll hits you with a flail.
You die...

#..... #........#+###
#..... ##............#
+..... ..............#
#..... .............#
#..... # #...........#
#.#..... #.#...........#
#....... #.#.....)g....#
#....#.# #......@g.....#
#....#.. #......$g.....#
#....#.. #....$.########
#....#.. #......#
#....#.. #......##
##....#.. #.##....###..
#........ #
#...........#........
#.##.....##....#+.##....
#..'....................


You could see 3 gnolls.

Vanquished Creatures
  3 adders (D:2)
  A gnoll (D:2)
  An ooze (D:1)
  A dart slug (D:2)
  3 leopard geckos
  2 giant cockroaches
  4 hobgoblins
  4 jackals (D:1)
  3 kobolds
  A quokka (D:2)
  7 bats
  2 frilled lizards
  4 goblins
  3 rats (D:1)
39 creatures vanquished.

Notes
Turn   | Place    | Note
-------+----------+-------------------------------------------
     0 | D:1      | Firecrotchwizard the Minotaur Fighter began the quest for the Orb.
     0 | D:1      | Reached XP level 1. HP: 19/19 MP: 0/0
   137 | D:1      | Reached XP level 2. HP: 21/27 MP: 1/1
   222 | D:1      | Found a sparkling altar of Nemelex Xobeh.
   411 | D:1      | Reached skill level 4 in Shields
   499 | D:1      | Reached skill level 4 in Armour
   499 | D:1      | Reached skill level 3 in Unarmed Combat
   499 | D:1      | Reached XP level 3. HP: 25/33 MP: 2/2
   591 | D:1      | Reached skill level 4 in Fighting
  1107 | D:2      | Reached XP level 4. HP: 36/40 MP: 3/3
  1147 | D:2      | HP: 8/40 [gnoll/club (3)]
  1149 | D:2      | HP: 3/40 [gnoll/flail (4)]
  1150 | D:2      | Slain by a gnoll

Vault maps used:
D:1:      saegor_arrival_simple_c, nemelex_xobeh_ov_fountains_minmay
D:2:      amethyst_overflow_temple_binary, nicolae_overflow_hidden_temple,
          kennysheep_generic_room_8

Skill      XL: |  1  2  3 |
---------------+----------+-----
Shields        | 4 |  4.2
Armour         | 4 |  4.3
Unarmed Combat | 3 |  3.5
Fighting       | 4 |  4.2

Action                   |  1- 3 |  4- 6 || total
-------------------------+-------+-------++-------
Melee: Unarmed           |   108 |     8 ||   116
       Headbutt          |    16 |     2 ||    18
  Eat: Chunk             |     1 |       ||     1
Armor: Scale mail        |    46 |     6 ||    52
Dodge: Dodged            |    37 |     1 ||    38
Block: Shield            |    48 |    14 ||    62

Table legend:
 A = Spawn XP
 B = Non-spawn XP
 C = Spawn XP percentage of total XP
 D = Spawn monster count
 E = Non-spawn monster count
 F = Spawn count percentage of total count
 G = Total turns spent on level
                    A         B        C        D         E        F      G
               +---------+---------+-------+---------+---------+-------+---------
         Total |       0 |     122 |   0.0 |       0 |      39 |   0.0 |  1150
               +---------+---------+-------+---------+---------+-------+---------
           D:1 |       0 |      43 |   0.0 |       0 |      23 |   0.0 |   763
           D:2 |       0 |      79 |   0.0 |       0 |      16 |   0.0 |   387
               +---------+---------+-------+---------+---------+-------+---------

Vault maps used:
D:1:      saegor_arrival_simple_c, nemelex_xobeh_ov_fountains_minmay
D:2:      amethyst_overflow_temple_binary, nicolae_overflow_hidden_temple,
          kennysheep_generic_room_8

Table legend:
 A = Turns spent in this place as a percentage of turns spent in the entire game.
 B = Non-inter-level travel turns spent in this place as a percentage of non-inter-level travel turns spent in the entire game.
 C = Inter-level travel turns spent in this place as a percentage of turns spent in this place.
 D = Turns resting spent in this place as a percentage of non-inter-level travel turns spent in this place.
 E = Turns spent auto-exploring this place as a percentage of non-inter-level travel turns spent in this place.
 F = Non-inter-level travel turns spent in this place divided by the number of levels of this place that you've seen.
                   A       B       C       D       E      F
               +-------+-------+-------+-------+-------+----------------------
         Total | 100.0 | 100.0 |   3.0 |   6.3 |  73.0 | 557.5
       Dungeon | 100.0 | 100.0 |   3.0 |   6.3 |  73.0 | 557.5
               +-------+-------+-------+-------+-------+----------------------

Table legend:
 A = Kills in this place as a percentage of kills in entire the game.
 B = Kills by you in this place as a percentage of kills by you in the entire game.
 C = Kills by friends in this place as a percentage of kills by friends in the entire game.
 D = Other kills in this place as a percentage of other kills in the entire game.
 E = Experience gained in this place as a percentage of experience gained in the entire game.
 F = Experience gained in this place divided by the number of levels of this place that you have seen.
                   A       B       C       D       E      F
               +-------+-------+-------+-------+-------+----------------------
         Total | 100.0 | 100.0 |   N/A |   N/A | 100.0 |  61.0
       Dungeon | 100.0 | 100.0 |   N/A |   N/A | 100.0 |  61.0
               +-------+-------+-------+-------+-------+----------------------
